 Dungeon Crawl Stone Soup version 0.30.1-4-g462c640d31 (webtiles) character file.

Game seed: 14807676728925432915

72 ChiefBigBeans the Ducker (level 4, 0/34 HPs)
             Began as a Merfolk Gladiator on Sept 7, 2023.
             Splashed by a jelly's acid (1 damage)
             ... on level 2 of the Dungeon.
             The game lasted 00:02:30 (1185 turns).

ChiefBigBeans the Ducker (Merfolk Gladiator)        Turns: 1185, Time: 00:02:32

Health: 0/34       AC: -12   Str: 14    XL:     4   Next: 25%
Magic:  4/4        EV: 14    Int:  7    God:
Gold:   12         SH:  0    Dex: 17    Spells: 3/3 levels left

rFire   . . .        d - +1 dagger (freeze)
rCold   . . .        (no shield)
rNeg    . . .        b - +0 leather armour
rPois   +            c - +0 helmet
rElec   .            (no cloak)
rCorr   .            (no gloves)
SInv    .            (no boots)
Will    .....        (no amulet)
Stlth   ++           e - ring of poison resistance
HPRegen 0.25/turn    (no ring)
MPRegen 0.09/turn

%: no passive effects
@: corroded
A: (nimble swimmer 2), mertail
a: no special abilities


You were on level 2 of the Dungeon.
You visited 1 branch of the dungeon, and saw 2 of its levels.

You collected 12 gold pieces.

Inventory:

Hand Weapons
 a - a +0 trident
 d - a +1 dagger of freezing (weapon)
Armour
 b - a +0 leather armour (worn)
 c - a +0 helmet (worn)
Jewellery
 e - a ring of poison resistance (left hand)
Scrolls
 f - a scroll of torment {unknown}
 g - 2 scrolls of acquirement {unknown}
 i - a scroll of identify {unknown}
 j - a scroll of noise {unknown}
 k - a scroll of fog {unknown}
Potions
 h - a potion of degeneration {unknown}


   Skills:
 + Level 2.8 Fighting
 * Level 1.4 Short Blades
 - Level 4.4 Polearms
 + Level 2.6 Throwing
 + Level 4.6 Dodging
 + Level 1.3 Stealth


You had 3 spell levels left.
You didn't know any spells.
Your spell library was empty.

Dungeon Overview and Level Annotations

Branches:
Dungeon (2/15)

Altars:


Innate Abilities, Weirdness & Mutations

((You are very nimble when in or above water. (Stealth+, EV+, Speed+++)))
Your lower body shifts to a powerful aquatic tail in water.


Message History

You hit the endoplasm but do no damage. The endoplasm barely misses you.
You hit the endoplasm. You freeze the endoplasm.
The endoplasm is moderately wounded.
The endoplasm freezes you.
You are frozen.
* * * LOW HITPOINT WARNING * * *
You hit the endoplasm. You freeze the endoplasm.
The endoplasm is almost dead.
You hit the endoplasm. You freeze the endoplasm.
You kill the endoplasm!
You are no longer corroded.
You start resting.
HP restored.
A jelly is nearby!
The jelly quivers.
Things that are here:
a +0 club; a kobold corpse
There is an open door here.
Things that are here:
a +0 club; a kobold corpse The endoplasm quivers.
There is an open door here.
Things that are here:
a +0 club; a kobold corpse You hit the jelly but do no damage.
The acid corrodes you!
Your hands burn!
The jelly hits you.
You are splashed with acid!
You hit the jelly. You freeze the jelly.
Your hands burn!
You punch the jelly, but do no damage.
The jelly is lightly wounded.
The jelly closely misses you.
You hit the jelly but do no damage. The acid corrodes you!
Your hands burn!
The jelly is lightly wounded.
The jelly hits you. The acid corrodes you!
You are splashed with acid!
* * * LOW HITPOINT WARNING * * *
You hit the jelly but do no damage.
Your hands burn!
* * * LOW HITPOINT WARNING * * *
The jelly is lightly wounded.
The jelly misses you.
You hit the jelly but do no damage. The acid corrodes you!
Your hands burn!
You die...

##.....##
#....)..#
#.......#
#.......#
#.......#
####....#
##..'....#
#.########
##...@JJ##
#######'#
÷...J...(#
....JJ...#
......÷..#
.J.......#
...÷...÷.#
)..J.....#
##########


You could see a jelly and an endoplasm.

Vanquished Creatures
  A jelly (D:2)
  2 bats (D:1)
  8 endoplasms
  2 giant cockroaches (D:1)
  3 goblins (D:1)
  2 hobgoblins (D:1)
  3 jackals (D:1)
  7 kobolds
  A quokka (D:1)
  2 ball pythons (D:1)
  4 frilled lizards (D:1)
  A rat (D:1)
36 creatures vanquished.

Notes
Turn   | Place    | Note
-------+----------+-------------------------------------------
     0 | D:1      | ChiefBigBeans the Merfolk Gladiator began the quest for the
                  | Orb.
     0 | D:1      | Reached XP level 1. HP: 16/16 MP: 1/1
   187 | D:1      | Reached XP level 2. HP: 23/23 MP: 2/2
   569 | D:1      | Reached XP level 3. HP: 27/28 MP: 3/3
  1001 | D:2      | Reached skill level 1 in Stealth
  1026 | D:2      | Reached skill level 1 in Short Blades
  1026 | D:2      | Reached XP level 4. HP: 11/34 MP: 4/4
  1033 | D:2      | HP: 1/34 [frozen (4)]
  1184 | D:2      | HP: 1/34 [acid (4)]
  1185 | D:2      | Splashed by a jelly's acid

Illustrated notes

Levels and vault maps discovered:
D:1:      lemuel_arrival_room, layout_loops_corners
D:2:      cheibrodos_fertilizer, layout_basic, uniq_crazy_yiuf_cottage,
          uniq_jessica, uniq_sigmund

Skill      XL: |  1  2  3 |
---------------+----------+-----
Stealth        | 1 |  1.3
Short Blades   | 1 |  1.4
Fighting       | |  2.8
Polearms       | |  4.4
Throwing       | |  2.6
Dodging        | |  4.6

Action                     |  1- 3 |  4- 6 || total
---------------------------+-------+-------++-------
  Melee: Trident           |    62 |       ||    62
         Dagger            |    12 |    15 ||    27
         Punch             |       |     1 ||     1
  Throw: Javelin           |    12 |       ||    12
         Throwing net      |     4 |       ||     4
 Armour: Leather armour    |    20 |       ||    20
  Dodge: Dodged            |    36 |     6 ||    42
